 Dungeon Crawl Stone Soup version 0.28-a0-2-g643f2454ad (webtiles) character file.

Game seed: 13992748954312564369

44 Spaninq the Skirmisher (level 3, 0/30 HPs)
             Began as a Ghoul Warper on July 22, 2021.
             Killed from afar by Sigmund (13 damage)
             ... with a puff of flame
             ... on level 2 of the Dungeon.
             The game lasted 00:03:42 (1077 turns).

Spaninq the Skirmisher (Ghoul Warper)               Turns: 1077, Time: 00:03:42

Health: 0/30       AC:  3    Str: 21    XL:     3   Next: 62%
Magic:  4/4        EV: 11    Int:  8    God:
Gold:   2          SH:  0    Dex:  8    Spells: 5/5 levels left

rFire   . . .      SeeInvis .   a - +0 hand axe
rCold   + . .      Faith    .   (no shield)
rNeg    + + +      Spirit   .   b - +0 leather armour
rPois   ∞          Reflect  .   (no helmet)
rElec   .          Harm     .   (no cloak)
rCorr   .          Rampage  .   (no gloves)
Will    .....                   (no boots)
Stlth   +.........              (no amulet)
HPRegen 0.00/turn               h - +6 ring of strength
MPRegen 0.09/turn               (no ring)

@: flying, inhibited regen
A: claws 1, cold resistance 1, negative energy resistance 3, inhibited
regeneration, torment resistance 2
a: no special abilities


You were on level 2 of the Dungeon.
You visited 1 branch of the dungeon, and saw 2 of its levels.

You collected 2 gold pieces.

Inventory:

Hand Weapons
 a - a +0 hand axe (weapon)
 g - a +2 fustibalus of freezing
Missiles
 d - 5 boomerangs of dispersal (quivered)
Armour
 b - a +0 leather armour (worn)
 k - a +0 kite shield
 l - a +2 cloak of preservation
Jewellery
 h - a +6 ring of strength (left claw)
Scrolls
 c - a scroll of blinking


   Skills:
 + Level 2.7 Fighting
 * Level 2.5 Axes
 - Level 0.8 Throwing
 - Level 1.4 Armour
 - Level 2.1 Dodging
 + Level 0.2 Shields
 - Level 1.7 Spellcasting
 - Level 2.6 Translocations


You had 5 spell levels left.
You didn't know any spells.
Your spell library contained the following spells:

 Spells                   Type           Power      Damage    Failure   Level
 Blink                    Tloc           N/A        N/A       22%         2
 Gell's Gravitas          Tloc           2%         N/A       38%         3
 Lesser Beckoning         Tloc           2%         N/A       38%         3
 Teleport Other           Tloc           5%         N/A       38%         3
 Manifold Assault         Tloc           5%         N/A       98%         5


Dungeon Overview and Level Annotations

Branches:
Dungeon (2/15)

Altars:

Annotations:
D:2 Sigmund


Innate Abilities, Weirdness & Mutations

You thrive by killing the living.
You are immune to poison.
You have sharp fingernails.
Your flesh is cold resistant. (rC+)
You are immune to negative energy. (rN+++)
You do not regenerate when monsters are visible.
You are immune to unholy pain and torment.


Message History

You kill the adder!
You feel better. The ball python misses you. The ball python grabs you.
The ball python constricts you.
You hit the ball python.
The ball python is heavily wounded.
The ball python barely misses you.
* * * LOW HITPOINT WARNING * * *
The ball python constricts you.
You slash the ball python!
You kill the ball python!
You start resting.
Sigmund the Dreaded comes into view.
He is wielding a +0 scythe.
Sigmund shouts!
You see here a +0 spear.
Found 18 sling bullets.
This is a scroll of acquirement!
Something appears at your feet! Something appears at your feet!
g - a +2 fustibalus of freezing;
l - a +2 cloak of preservation Sigmund casts a spell at you.
You resist with significant effort.
Sigmund laughs darkly.
As you read the scroll labelled TOUFUA ERAPS, it crumbles to dust.
It is a scroll of identify.
e - a potion of curing Sigmund points at you and mumbles some strange words.
You are confused.
You bump into the rock wall.
You are too confused!
It was a potion of berserk rage.
You feel slightly irritated. Sigmund gestures at you while chanting.
The magic dart hits you!
* * * LOW HITPOINT WARNING * * *
It was a potion of flight.
You feel very buoyant.
You fly up into the air.
You feel better. Sigmund barely misses you. Sigmund casts a spell at you.
The puff of flame hits you!
You die...

.............^......
#....@.......######
#.#...#.#####.....###
#.#...#.)...)@.......
#.###########.....###
#.######.#........####
##.#.@....).............#
#.......#####.#.........#
#.......@...............#
#.......#####.#.........#
#........ ###.#.........#
...........#..............
............#.............#
.......######............##
...... #...........## .....
#.........### . #.........#


You could see Sigmund.

Vanquished Creatures
  An adder (D:2)
  4 ball pythons
  5 endoplasms
  3 giant cockroaches (D:1)
  2 goblins
  3 hobgoblins (D:1)
  6 kobolds (D:1)
  A quokka (D:1)
  A bat (D:1)
  2 frilled lizards (D:1)
  3 rats
31 creatures vanquished.

Notes
Turn   | Place    | Note
-------+----------+-------------------------------------------
     0 | D:1      | Spaninq the Ghoul Warper began the quest for the Orb.
     0 | D:1      | Reached XP level 1. HP: 17/17 MP: 2/2
   126 | D:1      | Reached skill level 1 in Armour
   146 | D:1      | Reached XP level 2. HP: 22/25 MP: 3/3
   565 | D:1      | Reached XP level 3. HP: 23/30 MP: 4/4
  1052 | D:2      | Noticed Sigmund
  1058 | D:2      | Identified 2 scrolls of acquirement
  1058 | D:2      | Acquired a +2 fustibalus of freezing
  1059 | D:2      | Acquired a +2 cloak of preservation
  1077 | D:2      | Killed from afar by Sigmund

Illustrated notes

Levels and vault maps discovered:
D:1:      wander_arrival_chamber, layout_rooms, serial_glass, glass_columns_a,
          glass_columns_a
D:2:      layout_basic, basic_ecumenical_altar, grunt_ministairs_9,
          uniq_jessica, uniq_sigmund

Skill      XL: |  1  2 |
---------------+-------+-----
Armour         | 1 |  1.4
Axes           | 2 |  2.5
Dodging        | 2 |  2.1
Fighting       | |  2.7
Throwing       | |  0.8
Shields        | |  0.2
Spellcasting   | |  1.7
Translocations | |  2.6

Action                   || total
-------------------------++-------
Melee: Hand axe          ||   124
  Use: Scroll            ||     3
       Potion            ||     3
Armor: Leather armour    ||    43
Dodge: Dodged            ||    70

Table legend: (Time is in decaauts)
 A = Elapsed time spent in this place.
 B = Non-inter-level travel time spent in this place.
 C = Inter-level travel time spent in this place.
 D = Time resting spent in this place.
 E = Time spent auto-exploring this place.
 F = Levels seen in this place.
 G = Mean time per level.
                   A        B        C        D        E       F      G
               +--------+--------+--------+--------+--------+-----+--------+
         Total |   1100 |   1081 |     19 |    224 |    559 |   2 |  550.0 |
       Dungeon |   1100 |   1081 |     19 |    224 |    559 |   2 |  550.0 |
               +--------+--------+--------+--------+--------+-----+--------+

Top non-repeatable levels by time:
     D:1: 975 daAuts
     D:2: 124 daAuts
